 Dungeon Crawl Stone Soup version 0.27-a0-1196-g3e9cee4cb2 (webtiles) character file.

Game seed: 16906429251861790143

658 demibob the Poker (level 7, -6/46 (53) HPs)
             Began as a Demonspawn Chaos Knight on May 28, 2021.
             Was a Plaything of Xom.
             Mangled by a wight
             ... wielding a +2 great sword
              (17 damage)
             ... on level 5 of the Dungeon.
             The game lasted 00:10:42 (3956 turns).

demibob the Poker (Demonspawn Chaos Knight)         Turns: 3956, Time: 00:10:43

HP:   -6/46 (53)    AC: 12    Str: 14    XL:     7   Next: 30%
MP:   7/7           EV: 12    Int: 13    God:    Xom [.....*]
Gold: 18            SH:  0    Dex: 15    Spells: 6/6 levels left

rFire    . . .     SeeInvis .   l - +0 halberd
rCold    . . .     Faith    .   (shield currently unavailable)
rNeg     + . .     Spirit   .   b - +3 leather armour
rPois    .         Reflect  .   (no helmet)
rElec    .         Harm     .   (no cloak)
rCorr    .         Rampage  .   (no gloves)
Will     .....                  (no boots)
Stlth    +.........             (no amulet)
HPRegen  0.15/turn              N - ring of positive energy
MPRegen  0.20/turn              (no ring)

@: about to teleport, sanguine armoured, hasted, heavily drained, very quick
A: hooves 2, magic regeneration, sanguine armour 1, fangs 1, agile 1
a: Renounce Religion


You were on level 5 of the Dungeon.
You worshipped Xom.
You were Xom's teddy bear.
You visited 1 branch of the dungeon, and saw 5 of its levels.
You also visited: Sewer.

You collected 128 gold pieces.
You spent 110 gold pieces at shops.


Innate Abilities, Weirdness & Mutations

You have hoof-like feet.
You regenerate magic rapidly.
When seriously injured, your bleeding wounds create armour. (AC +6)
You have very sharp teeth.
You are agile. (Dex +2)


   Skills:
 + Level 3.7 Fighting
 + Level 7.0 Polearms
 - Level 1.7 Armour
 - Level 2.5 Dodging


You had 6 spell levels left.
You didn't know any spells.
Your spell library was empty.

Inventory:

Hand Weapons
 a - a +0 spear of chaos
 l - a +0 halberd (weapon)
Missiles
 g - 2 silver boomerangs (quivered)
Armour
 b - a +3 leather armour (worn)
Jewellery
 N - a ring of positive energy (left hand)
Wands
 k - a wand of mindburst (9)
Scrolls
 f - 3 scrolls of teleportation {@r4}
Potions
 c - a potion of haste {@q3}
 d - 2 potions of curing {@q1}
 e - 2 potions of heal wounds {unknown}
 h - 2 potions of cancellation
 i - a potion of resistance {unknown}
 j - a potion of berserk rage {unknown}

Dungeon Overview and Level Annotations

Branches:
Dungeon (5/15)             Temple (0/1) D:5           Sewer (visited)

Altars:
Hepliaklqana
Okawaru
Wu Jian
Xom

Shops:
D:4

! ### ## #@#####
#. ####.zz..#
######
##..b.##⚑##
####...##
#.....z#.##
##........
..###.##.z#
#......... ##
#..## ##.........
#...###..........
#....#...........
#..#.............


You could see 3 wights.


Message History

You destroy the wight!
The wight hits you but does no damage.
You closely miss the wight. You bite the wight, but do no damage.
The wight is severely damaged.
The wight hits you but does no damage.
The wight hits you from afar with a +2 spear.
* * * LOW HITPOINT WARNING * * *
You hit the wight.
The wight is severely damaged.
The wight barely misses you.
You barely miss the wight. You kick the wight.
The wight is almost destroyed.
The wight hits you from afar with a +2 spear.
* * * LOW HITPOINT WARNING * * *
You partially resist.
You feel drained.
The wight completely misses your butterfly.
The wight hits you but does no damage.
As you read the scroll of teleportation {@r4}, it crumbles to dust.
You feel strangely unstable.
The wight completely misses your butterfly.
The wight barely misses you.
The wight hits your butterfly with a +2 spear!
Your butterfly dies!
You closely miss the wight. Your kick misses the wight.
You bite the wight, but do no damage.
The wight is almost destroyed.
Xom complains about the scenery.
The wight hits you with a +2 great sword!
You die...
Xom titters!

Skill      XL: |  1  2  3  4  5  6  7 |
---------------+----------------------+-----
Dodging        | 1 2 |  2.5
Polearms       | 3 4 6 7 |  7.0
Fighting       | |  3.7
Armour         | |  1.7

Action                   |  1- 3 |  4- 6 |  7- 9 || total
-------------------------+-------+-------+-------++-------
Melee: Spear             |   129 |   171 |    21 ||   321
       Kick              |    15 |    31 |    19 ||    65
       Halberd           |       |       |    24 ||    24
       Bite              |       |       |     4 ||     4
Throw: Boomerang         |       |     1 |       ||     1
Evoke: Wand              |       |       |     3 ||     3
  Use: Scroll            |     3 |     3 |     2 ||     8
       Potion            |       |     6 |     3 ||     9
 Stab: Sleeping          |     2 |       |       ||     2
       Paralysed         |     1 |       |       ||     1
       Confused          |       |     3 |     2 ||     5
Armor: Leather armour    |    26 |    18 |     7 ||    51
       Skin              |       |    43 |       ||    43
Dodge: Dodged            |    41 |    65 |    14 ||   120

Levels and vault maps discovered:
D:1:      co_arrival_random_square_maze, layout_basic
D:2:      layout_rooms
D:3:      layout_rooms, nicolae_wu_jian_wuxing_cycle, marbit_many_paths,
          ebering_ecumenical_altar_petrified
D:4:      cheibrodos_helix_gallery, layout_loops_corners, lemuel_crystal_altar,
          cheibrodos_sewer_entry_bend, serial_shops, kennysheep_mini_moat,
          chequers_serial_rivers_room_a
D:5:      layout_layer_cave, minmay_temple_entry_antechambers,
          minmay_misc_feat_diagonals, amcnicky_mini_rare_corridor_liquid,
          uniq_pikel

Notes
Turn   | Place    | Note
-------+----------+-------------------------------------------
     0 | D:1      | demibob the Demonspawn Chaos Knight began the quest for the
                  | Orb.
     0 | D:1      | Reached XP level 1. HP: 18/18 MP: 1/1
    25 | D:1      | Reached skill level 1 in Dodging
   209 | D:1      | Reached skill level 3 in Polearms
   209 | D:1      | Gained mutation: You regenerate magic rapidly. [demonic
                  | ancestry]
   209 | D:1      | Reached XP level 2. HP: 24/24 MP: 2/2
   413 | D:1      | XOM: silly message
   463 | D:1      | XOM: divination: detect items
   572 | D:2      | XOM: silly message
   638 | D:2      | Reached skill level 2 in Dodging
   639 | D:2      | Gained mutation: You have large cloven feet. [demonic
                  | ancestry]
   639 | D:2      | Reached XP level 3. HP: 29/29 MP: 3/3
   800 | D:2      | XOM: divination: magic mapping
   993 | D:2      | XOM: divination: magic mapping
  1184 | D:3      | Found an ornate altar of the Wu Jian Council.
  1201 | D:3      | XOM: butterfly on damage
  1721 | D:3      | Found a faded altar of an unknown god.
  1824 | D:3      | Gained mutation: When seriously injured, your bleeding
                  | wounds create armour. (AC +6) [demonic ancestry]
  1824 | D:3      | Reached XP level 4. HP: 32/35 MP: 4/4
  1838 | D:3      | XOM: divination: detect items
  2046 | D:3      | Found an iron altar of Okawaru.
  2094 | D:4      | XOM: summons friendly ufetubus
  2101 | D:4      | Reached skill level 4 in Polearms
  2111 | D:4      | Found a hazy altar of Hepliaklqana.
  2133 | D:4      | Gained mutation: You have hoof-like feet. [demonic
                  | ancestry]
  2133 | D:4      | Reached XP level 5. HP: 26/41 MP: 5/5
  2136 | D:4      | XOM: cloud trail
  2159 | D:4      | Noticed a black bear
  2165 | D:4      | Killed a black bear
  2166 | D:4      | Reached skill level 5 in Polearms
  2211 | D:4      | Found a glowing drain.
  2217 | Sewer    | Entered a sewer
  2341 | Sewer    | Noticed Purgy
  2353 | Sewer    | XOM: cloud trail
  2365 | Sewer    | Killed Purgy
  2366 | Sewer    | Reached skill level 6 in Polearms
  2366 | Sewer    | Reached XP level 6. HP: 47/47 MP: 6/6
  2884 | D:4      | XOM: scenery: summon butterflies
  3011 | D:4      | XOM: confusion (+ monsters)
  3141 | D:4      | Found Ypienoel's Distillery.
  3145 | D:4      | Bought a potion of mutation for 80 gold pieces
  3145 | D:4      | Bought a potion of curing for 30 gold pieces
  3145 | D:4      | Gained mutation: Your flesh is heat resistant. (rF+)
                  | [potion of mutation]
  3145 | D:4      | Gained mutation: Your body sometimes deteriorates upon
                  | taking damage. [potion of mutation]
  3278 | D:4      | XOM: scenery: summon butterflies
  3376 | D:4      | XOM: confuse monster(s)
  3386 | D:4      | Reached XP level 7. HP: 52/52 MP: 7/7
  3696 | D:5      | Entered Level 5 of the Dungeon
  3709 | D:5      | Reached skill level 7 in Polearms
  3720 | D:5      | XOM: cloud trail
  3772 | D:5      | Found a staircase to the Ecumenical Temple.
  3814 | D:5      | Lost mutation: Your body sometimes deteriorates upon taking
                  | damage. [potion of mutation]
  3814 | D:5      | Lost mutation: Your flesh is heat resistant. (rF+) [potion
                  | of mutation]
  3814 | D:5      | Gained mutation: You are frail. (-10% HP) [potion of
                  | mutation]
  3814 | D:5      | Gained mutation: Your muscles are strong. (Str +2) [potion
                  | of mutation]
  3815 | D:5      | Lost mutation: Your muscles are strong. (Str +2) [potion of
                  | mutation]
  3815 | D:5      | Lost mutation: You are frail. (-10% HP) [potion of
                  | mutation]
  3815 | D:5      | Gained mutation: Your mind is acute. (Int +2) [potion of
                  | mutation]
  3815 | D:5      | Gained mutation: You are agile. (Dex +2) [potion of
                  | mutation]
  3815 | D:5      | Lost mutation: Your mind is acute. (Int +2) [potion of
                  | mutation]
  3815 | D:5      | Gained mutation: You have very sharp teeth. [potion of
                  | mutation]
  3923 | D:5      | XOM: god gift: book of Minor Magic
  3937 | D:5      | XOM: butterfly on damage
  3956 | D:5      | XOM: scenery: create altars
  3956 | D:5      | Mangled by a wight

Vanquished Creatures
  Purgy (Sewer)
  A black bear (D:4)
  A water moccasin skeleton (D:4)
  A wight (D:5)
  A bullfrog zombie (D:4)
  2 hounds (D:4)
  2 gnoll shamans (D:4)
  An orc priest (D:4)
  A howler monkey zombie (D:5)
  5 gnolls (D:4)
  3 adders
  4 worms
  A dart slug (D:1)
  9 orcs
  8 ball pythons
  3 bats
  9 endoplasms
  6 giant cockroaches
  4 goblins
  7 hobgoblins
  10 jackals
  6 kobolds
  3 quokkas
  5 frilled lizards
  3 rats
97 creatures vanquished.

Vanquished Creatures (collateral kills)
  A hound (D:4)
  An orc (D:4)
2 creatures vanquished.

Grand Total: 99 creatures vanquished

Table legend: (Time is in decaauts)
 A = Elapsed time spent in this place.
 B = Non-inter-level travel time spent in this place.
 C = Inter-level travel time spent in this place.
 D = Time resting spent in this place.
 E = Time spent auto-exploring this place.
 F = Levels seen in this place.
 G = Mean time per level.
                   A        B        C        D        E       F      G
               +--------+--------+--------+--------+--------+-----+--------+
         Total |   3905 |   3755 |    150 |    610 |   2418 |   6 |  650.8 |
       Dungeon |   3498 |   3348 |    150 |    455 |   2260 |   5 |  699.6 |
         Sewer |    407 |    407 |      0 |    155 |    157 |   1 |  407.0 |
               +--------+--------+--------+--------+--------+-----+--------+

Top non-repeatable levels by time:
     D:4: 1183 daAuts
     D:3: 757 daAuts
     D:2: 739 daAuts
     D:1: 564 daAuts
   Sewer: 407 daAuts
     D:5: 254 daAuts

Table legend:
 A = Non-vault XP
 B = Vault XP
 C = Vault XP percentage of total XP
 D = Non-vault monster count
 E = Vault monster count
 F = Vault count percentage of total count
                 A         B        C        D         E       F
            +---------+---------+-------+---------+---------+-------
      Total |     761 |     180 |  19.1 |      87 |      12 |  12.1
            +---------+---------+-------+---------+---------+-------
        D:1 |      26 |       0 |   0.0 |      13 |       0 |   0.0
        D:2 |      41 |       0 |   0.0 |      21 |       0 |   0.0
        D:3 |      41 |       1 |   2.4 |      18 |       1 |   5.3
        D:4 |     582 |       9 |   1.5 |      33 |       3 |   8.3
        D:5 |      71 |       0 |   0.0 |       2 |       0 |   0.0
      Sewer |       0 |     170 | 100.0 |       0 |       8 | 100.0
            +---------+---------+-------+---------+---------+-------
